 Dungeon Crawl Stone Soup version 0.31.0-9-g3a7656b989 (webtiles) character file.

Game seed: 1550894138472777913

59 Toxicplasma the Poker (level 3, 0/34 HPs)
             Began as a Minotaur Berserker on Jan 25, 2024.
             Was a Believer of Trog.
             Slain by an orc wizard
             ... wielding a +0 dagger
              (3 damage)
             ... on level 3 of the Dungeon.
             The game lasted 00:04:24 (1909 turns).

Toxicplasma the Poker (Minotaur Berserker)          Turns: 1909, Time: 00:04:24

Health: 0/34       AC:  8    Str: 23    XL:     3   Next: 78%
Magic:  2/2        EV:  9    Int:  4    God:    Trog [**....]
Gold:   150        SH:  0    Dex:  9    Spells: 2/2 levels left

rFire   . . .        a - +0 spear
rCold   . . .        (no shield)
rNeg    . . .        m - +0 chain mail
rPois   .            (helmet restricted)
rElec   .            (no cloak)
rCorr   .            (no gloves)
SInv    .            (no boots)
Will    .....        (no amulet) Stlth
                     (no ring)
HPRegen 0.25/turn    (no ring)
MPRegen 0.08/turn

%: no passive effects
@: confused, on berserk cooldown, slowed, very slow
A: horns 2, retaliatory headbutt
a: Renounce Religion, Berserk, Trog's Hand


You were on level 3 of the Dungeon.
You worshipped Trog.
Trog was pleased with you.
You visited 1 branch of the dungeon, and saw 3 of its levels.

You collected 150 gold pieces.

Inventory:

Hand Weapons
 a - a +0 spear (weapon)
Armour
 b - a +0 animal skin
 m - a +0 chain mail (worn)
 r - a +0 plate armour
Jewellery
 i - an amulet of reflection
Wands
 q - a wand of charming (11)
Scrolls
 c - 3 scrolls of fog {unknown}
 g - a scroll of enchant weapon {unknown}
 h - a scroll of identify {unknown}
 k - a scroll of enchant armour {unknown}
 l - a scroll of noise {unknown}
 n - a scroll of silence {unknown}
Potions
 d - a potion of mutation {unknown}
 e - a potion of enlightenment {unknown}
 f - a potion of curing {unknown}
 j - a potion of ambrosia {unknown}
 o - a potion of cancellation {unknown}
 p - a potion of might {unknown}


   Skills:
 + Level 4.5 Fighting
 + Level 4.7 Polearms
 + Level 2.5 Armour
 + Level 2.5 Dodging
 + Level 0.2 Stealth


You had 2 spell levels left.
You didn't know any spells.
Your spell library was empty.

Dungeon Overview and Level Annotations

Branches:
Dungeon (3/15)

Altars:
Cheibriados


Innate Abilities, Weirdness & Mutations

You have a pair of horns on your head.
You reflexively headbutt those who attack you in melee.


Message History

Trog accepts your kill.
You miss something.
You hear some strange, mumbled words.
Something tries to affect you, but you resist.
The rat barely misses you. You furiously retaliate!
You headbutt the rat!
You kill the rat!
Trog accepts your kill. Something hits you but does no damage.
You completely miss something. You headbutt something!
Something hits you but does no damage. x2
You miss something. Your headbutt misses something. Something hits you.
You hear some strange, mumbled words.
You are confused.
You hear some strange, mumbled words.
A magic dart appears from out of thin air!
The magic dart hits you. Something hits you.
Something hits you but does no damage. Something hits you.
* * * LOW HITPOINT WARNING * * *
You're too confused to move!
Something hits you but does no damage. x2
Something hits you.
* * * LOW HITPOINT WARNING * * *
You bump into the rock wall.
You hear some strange, mumbled words.
You are more confused.
Something hits you.
* * * LOW HITPOINT WARNING * * *
You hear some strange, mumbled words.
You are more confused.
Something hits you but does no damage. Something hits you.
* * * LOW HITPOINT WARNING * * *
Something completely misses you.
You hit something.
Something hits you but does no damage. x3
You closely miss something. Something hits you.
* * * LOW HITPOINT WARNING * * *
Something hits you.
* * * LOW HITPOINT WARNING * * *
Something hits you but does no damage.
You barely miss something. Your headbutt misses something.
Something hits you but does no damage. x2; Something hits you.
You die...

#.#
#........<.......#
#.# #.#
#.##############.#
#.# #.# ###.####
#.. #.# #......#
#.. #.# #.#.##.#
##. #.. #.#
#.#.##.# #####....
#.. #.#
#.#.##.####........
### #.#
#.#.##......)......
# #.#
#.#.#######@##.....
# #.# #.#.#
#..{{†o..... # ##.#
#.#.# #.#.S.###.##
# ...# #.# .. .....
# ######.# #..
##.#... ###
.†.....# #. #? ...#
#.# ######## # #.
.... #.# .. ..$..
#.# #..


You could see an orc and a ball python.

Vanquished Creatures
  An adder (D:3)
  3 ribbon worms (D:2)
  A dart slug (D:2)
  An orc (D:3)
  3 bats
  2 endoplasms (D:1)
  A giant cockroach (D:1)
  7 goblins
  7 hobgoblins
  2 kobolds (D:1)
  A quokka (D:2)
  4 ball pythons
  A frilled lizard (D:2)
  4 rats
38 creatures vanquished.

Notes
Turn   | Place    | Note
-------+----------+-------------------------------------------
     0 | D:1      | Toxicplasma the Minotaur Berserker began the quest for the
                  | Orb.
     0 | D:1      | Reached XP level 1. HP: 19/19 MP: 0/0
   164 | D:1      | Reached XP level 2. HP: 27/27 MP: 1/1
   191 | D:1      | Found a faded altar of an unknown god.
   803 | D:2      | Reached XP level 3. HP: 15/33 MP: 2/2
  1090 | D:2      | Found a snail-covered altar of Cheibriados.
  1116 | D:2      | Reached ** piety under Trog
  1909 | D:3      | Slain by an orc wizard

Illustrated notes

Levels and vault maps discovered:
D:1:      minmay_arrival_loop, layout_basic, hellmonk_ecumenical_altar_run_dry
D:2:      layout_basic, basic_altar
D:3:      layout_loops_ring, zin_scriptorium, nemelex_spade_bored_becter,
          mainiacjoe_overflow_alcove_2, uniq_crazy_yiuf_cottage

Skill      XL: |  1  2 |
---------------+-------+-----
Polearms       | 4 |  4.7
Fighting       | 4 |  4.5
Armour         | |  2.5
Dodging        | |  2.5
Stealth        | |  0.2

Action                     || total
---------------------------++-------
  Melee: Spear             ||   105
         Headbutt          ||    15
 Invoke: Berserk           ||     1
 Armour: Animal skin       ||    16
         Chain mail        ||    50
  Dodge: Dodged            ||    42
